 Dungeon Crawl Stone Soup version 0.24-a0-512-g2b48af375b (webtiles) character file.

Game seed: 13005633079509286443

560 Mithandil the Conjurer (level 7, -6/36 HPs)
             Began as a Deep Elf Conjurer on July 20, 2019.
             Mangled by an ogre
             ... wielding a +0 giant club
              (29 damage)
             ... on level 6 of the Dungeon.
             The game lasted 00:35:57 (4891 turns).

Mithandil the Conjurer (Deep Elf Conjurer)          Turns: 4891, Time: 00:35:57

Health: -6/36      AC:  7    Str:  7    XL:     7   Next: 9%
Magic:  16/17      EV: 14    Int: 20    God:
Gold:   240        SH:  0    Dex: 15    Spells: 3/17 levels left

rFire    + . .     SeeInvis .   a - +1 dagger
rCold    + . .     Gourm    .   (no shield)
rNeg     . . .     Faith    .   m - +2 leather armour
rPois    .         Spirit   .   p - +0 helmet
rElec    .         Reflect  .   s - scarf {rC+ rF+}
rCorr    .         Harm     .   (no gloves)
MR       .....                  e - +0 pair of boots
Stlth    ++........             (no amulet)
HPRegen  0.12/turn              (no ring)
MPRegen  0.15/turn              (no ring)

@: no status effects
A: no striking features
a: no special abilities


You were on level 6 of the Dungeon.
You were not hungry.

You visited 1 branch of the dungeon, and saw 6 of its levels.

You collected 240 gold pieces.

Inventory:

Hand Weapons
 a - a +1 dagger (weapon)
 g - a +0 short sword
 o - a +4 spear
Missiles
 f - 102 arrows
Armour
 e - a +0 pair of boots (worn)
 m - a +2 leather armour (worn)
 p - a +0 helmet (worn)
 s - a scarf of resistance (worn)
Jewellery
 q - an uncursed ring of fire
 t - an uncursed amulet of faith
Scrolls
 j - a scroll of immolation
 n - 2 scrolls of teleportation
Potions
 d - 2 potions of might
 h - 2 potions of heal wounds
 i - 2 potions of curing
 k - a potion of haste {unknown}
 l - a potion of lignification {unknown}
 r - 2 potions of mutation {unknown}
Comestibles
 c - 7 rations


   Skills:
 + Level 2.2 Short Blades
 * Level 4.9 Dodging
 + Level 4.1 Stealth
 * Level 5.5 Spellcasting
 * Level 5.9 Conjurations
 + Level 1.1 Hexes
 + Level 1.4 Translocations


You had 3 spell levels left.
You knew the following spells:

 Your Spells              Type           Power        Failure   Level  Hunger
a - Magic Dart            Conj           ####         1%          1    None
b - Searing Ray           Conj           ####..       2%          2    None
c - Force Lance           Conj/Tloc      ###.....     34%         4    ####...
d - Iskenderun's Mystic   Conj           ####....     14%         4    ####...
s - Dazzling Spray        Conj/Hex       ###...       12%         3    ##.....

Your spell library contained the following spells:

 Spells                   Type           Power        Failure   Level  Hunger
 Apportation              Tloc           ##....       9%          1    None
 Confusing Touch          Hex            ##....       11%         1    None
 Corona                   Hex            ##.....      11%         1    None
 Animate Skeleton         Necr           N/A          17%         1    None
 Summon Small Mammal      Summ           #...         17%         1    None
 Ensorcelled Hibernation  Hex/Ice        #.....       21%         2    None
 Confuse                  Hex            ##......     30%         3    ##.....
 Tukima's Dance           Hex            ##......     30%         3    ##.....
 Fulminant Prism          Conj/Hex       ###.......   36%         4    ####...


Dungeon Overview and Level Annotations

Branches:
Dungeon (6/15)
 Temple: D:4-7

Altars:
Cheibriados
Gozag
Nemelex Xobeh
Okawaru
Uskayaw

Annotations:
D:3 1 runed translucent door, Crazy Yiuf, Grinder
D:4 exclusions: phantom and 3 slaves, Pikel, Sigmund
D:5 exclusions: downstairs and upstairs


Message History

You start resting.
Eating a chunk of flesh.
You eat the chunk of flesh.
This raw flesh tastes terrible.
Magic restored.
You open the door.
There is an open door here.
You open the door.
There is an open door here.
There is an open door here.
There is a stone staircase leading down here.
You climb downwards.
The ogre hits you with a +0 giant club!
There is a stone staircase leading up here.
Casting: Magic Dart (safe; 1% risk of failure)
Confirm with . or Enter, or press ? or * to list all spells.
Aiming: Magic Dart (safe; 1% risk of failure)
Press: ? - help, Shift-Dir - straight line, f - ogre
Aim: an ogre, wielding a +0 giant club The magic dart hits the ogre but does no damage.
The ogre hits you with a +0 giant club!!
Ouch! That really hurt!
You die...

#......#
#......# ###
#.....)# ..#
#......# #.#
#......# #
#......+ ...
#......##.....
#@.......
#O####+## #.#
#.# #.. #!#
#.# #.#


You could see an ogre.

Vanquished Creatures
  A scorpion (D:5)
  2 hounds (D:4)
  2 jellies (D:5)
  A centaur skeleton (D:4)
  A bullfrog skeleton (D:4)
  An iguana (D:5)
  2 orc wizards (D:5)
  2 worker ants (D:5)
  4 gnolls (D:3)
  3 adders
  3 howler monkey skeletons
  An ooze (D:2)
  An adder skeleton (D:4)
  7 worms
  5 dart slugs
  3 leopard geckos (D:3)
  6 orcs
  A ball python (D:4)
  6 giant cockroaches
  6 goblins
  5 hobgoblins
  8 jackals (D:2)
  2 quokkas
  5 bats
  5 frilled lizards
  3 kobolds
  3 rats (D:3)
89 creatures vanquished.

Notes
Turn   | Place    | Note
-------+----------+-------------------------------------------
     0 | D:1      | Mithandil the Deep Elf Conjurer began the quest for the
                  | Orb.
     0 | D:1      | Reached XP level 1. HP: 10/10 MP: 6/6
   879 | D:1      | Reached XP level 2. HP: 8/15 MP: 1/8
   883 | D:1      | Learned a level 2 spell: Searing Ray
  1188 | D:2      | Reached XP level 3. HP: 19/19 MP: 6/10
  1628 | D:2      | Found a sparkling altar of Nemelex Xobeh.
  1629 | D:2      | Found an opulent altar of Gozag.
  1776 | D:2      | Reached XP level 4. HP: 24/24 MP: 5/11
  1782 | D:2      | Learned a level 4 spell: Force Lance
  1903 | D:3      | Reached skill level 1 in Short Blades
  2031 | D:3      | Found a runed translucent door.
  2032 | D:3      | Noticed Crazy Yiuf
  2104 | D:3      | Reached skill level 5 in Conjurations
  2429 | D:3      | Reached XP level 5. HP: 28/28 MP: 10/13
  2584 | D:3      | Learned a level 4 spell: Iskenderun's Mystic Blast
  2619 | D:3      | Noticed Grinder
  2629 | D:3      | Found a snail-covered altar of Cheibriados.
  2752 | D:4      | Noticed a slave
  3039 | D:4      | Noticed a phantom
  3171 | D:4      | Found an iron altar of Okawaru.
  3327 | D:4      | Reached XP level 6. HP: 28/32 MP: 8/15
  3332 | D:4      | Learned a level 3 spell: Dazzling Spray
  3458 | D:5      | Entered Level 5 of the Dungeon
  3568 | D:4      | Noticed Pikel
  3568 | D:4      | Noticed a slave
  3574 | D:4      | Noticed a slave
  3672 | D:4      | Noticed Sigmund
  3707 | D:5      | Reached skill level 5 in Spellcasting
  3839 | D:5      | Reached skill level 1 in Translocations
  3901 | D:5      | Found a hide-covered altar of Uskayaw.
  4266 | D:5      | Reached skill level 1 in Hexes
  4266 | D:5      | Reached XP level 7. HP: 31/36 MP: 5/17
  4891 | D:6      | Mangled by an ogre

Levels and vault maps discovered:
D:1:      dpeg_arrival_rooms_b, layout_basic
D:2:      layout_rooms, grunt_temple_overflow_opulence, first_ration
D:3:      layout_basic, lemuel_crystal_altar, kennysheep_slug_shrine,
          corexii_hall_statues_x, uniq_crazy_yiuf_cottage, uniq_grinder
D:4:      layout_loops_ring, okawaru_metal_pillars_1_2, uniq_pikel, uniq_sigmund
D:5:      layout_basic, lemuel_doored_altar
D:6:      layout_basic, minmay_temple_entry_glassed_door, minmay_misc_feat_doors

Skill      XL: |  1  2  3  4  5  6 |
---------------+-------------------+-----
Dodging        | 3 4 |  4.9
Stealth        | 3 4 |  4.1
Short Blades   | 1 2 |  2.2
Spellcasting   | 4 5 |  5.5
Conjurations   | 5 |  5.9
Translocations | 1 |  1.4
Hexes          | 1 |  1.1

Action                   |  1- 3 |  4- 6 |  7- 9 || total
-------------------------+-------+-------+-------++-------
Melee: Dagger            |       |    13 |       ||    13
 Cast: Magic Dart        |    73 |   169 |    21 ||   263
       Searing Ray       |       |     3 |       ||     3
       Dazzling Spray    |       |     2 |     1 ||     3
  Use: Scroll            |     3 |    10 |     2 ||    15
  Eat: Chunk             |     2 |     8 |     2 ||    12
Armor: Robe              |     5 |     3 |       ||     8
       Leather armour    |       |     9 |     2 ||    11
Dodge: Dodged            |    10 |    43 |     6 ||    59

Table legend:
 A = Non-vault XP
 B = Vault XP
 C = Vault XP percentage of total XP
 D = Non-vault monster count
 E = Vault monster count
 F = Vault count percentage of total count
                 A         B        C        D         E       F
            +---------+---------+-------+---------+---------+-------
      Total |     797 |       4 |   0.5 |      88 |       1 |   1.1
            +---------+---------+-------+---------+---------+-------
        D:1 |      32 |       0 |   0.0 |       9 |       0 |   0.0
        D:2 |      66 |       0 |   0.0 |      25 |       0 |   0.0
        D:3 |     115 |       4 |   3.4 |      26 |       1 |   3.7
        D:4 |     232 |       0 |   0.0 |      15 |       0 |   0.0
        D:5 |     352 |       0 |   0.0 |      13 |       0 |   0.0
            +---------+---------+-------+---------+---------+-------
